 Dungeon Crawl Stone Soup version 0.23.1 (webtiles) character file.

Game seed: 11079797644729305848

284 Borgoz the Sneak (level 6, -2/47 HPs)
             Began as a Ghoul Enchanter on Mar 5, 2019.
             Slain by an orc wizard
             ... wielding a +0 dagger
              (3 damage)
             ... on level 3 of the Dungeon.
             The game lasted 00:07:54 (4119 turns).

Borgoz the Sneak (Ghoul Enchanter)                  Turns: 4119, Time: 00:07:55

Health: -2/47      AC:  4    Str: 12    XL:     6   Next: 29%
Magic:  2/8        EV: 12    Int: 11    God:
Gold:   151        SH:  0    Dex: 10    Spells: 6/9 levels left

rFire    . . .     SeeInvis .   a - +1 dagger
rCold    + . .     Gourm    .   (no shield)
rNeg     + + +     Faith    .   h - +0 leather armour
rPois    ∞         Spirit   .   g - +0 helmet
rElec    .         Reflect  .   (no cloak)
rCorr    .         Harm     .   (no gloves)
MR       .....                  (no boots)
Stlth    ++........             (no amulet)
HPRegen  0.00/turn              (no ring)
MPRegen  0.11/turn              (no ring)

@: rotting, drained
A: rotting body, claws 1, carnivore, cold resistance 1, negative energy
resistance 3, inhibited regeneration, torment resistance, unbreathing
a: no special abilities


You were on level 3 of the Dungeon.
You were not hungry.

You visited 1 branch of the dungeon, and saw 4 of its levels.

You collected 151 gold pieces.

Inventory:

Hand Weapons
 a - a +1 dagger (weapon)
 b - a +0 blowgun
Missiles
 l - 32 poisoned needles
Armour
 g - a +0 helmet (worn)
 h - a +0 leather armour (worn)
Scrolls
 c - 2 scrolls of teleportation {unknown}
 e - a scroll of fear {unknown}
 f - a scroll of enchant weapon
 k - 2 scrolls of fog {unknown}
Comestibles
 d - 7 rations


   Skills:
 + Level 1.5(1.0) Fighting
 + Level 2.3(1.8) Short Blades
 + Level 2.2(1.6) Armour
 + Level 2.7(2.1) Dodging
 + Level 4.3(3.7) Stealth
 + Level 2.2(1.6) Spellcasting
 + Level 3.0(2.4) Hexes
 + Level 0.7(0.1) Ice Magic


You had 6 spell levels left.
You knew the following spells:

 Your Spells              Type           Power        Failure   Level  Hunger
a - Corona                Hex            #......      14%         1    ##.....
b - Ensorcelled Hibernat  Hex/Ice        #.....       34%         2    ###....

Your spell library contained the following spells:

 Spells                   Type           Power        Failure   Level  Hunger
 Confuse                  Hex            #.......     38%         3    ####...
 Tukima's Dance           Hex            #.......     38%         3    ####...
 Dazzling Spray           Conj/Hex       #.....       56%         3    ####...


Dungeon Overview and Level Annotations

Branches:
Dungeon (4/15)
 Temple: D:4-7

Altars:
Okawaru


Innate Abilities, Weirdness & Mutations

Your body is rotting away.
You thrive on raw meat.
You are immune to poison.
You have sharp fingernails.
You are carnivorous and can eat meat at any time.
Your flesh is cold resistant. (rC+)
You are immune to negative energy. (rN+++)
You do not regenerate when monsters are visible.
You are immune to unholy pain and torment.
You can survive without breathing.


Message History

You miss something. You barely miss something.
Something hits you but does no damage.
You miss something.
You hear some strange, mumbled words.
A puff of flame appears from out of thin air!
The puff of flame hits you!
* * * LOW HITPOINT WARNING * * *
You barely miss something. Something hits you.
* * * LOW HITPOINT WARNING * * *
Your magical contamination has completely faded away.
Okay, then.
You closely miss something.
You hear some strange, mumbled words.
A magic dart appears from out of thin air!
The magic dart hits you.
* * * LOW HITPOINT WARNING * * *
You aren't carrying any potions.
Okay, then.
You closely miss something. Something hits you.
You die...

#..(.......###....###......
#####(####....#....#####...
#.(o........##.# ####.#
#########{#.##..##÷...#
########.#.# #....####
#......#.#.# #...#### ##########
#......#...###.#.....#
.........###.....[....#...#####..
.........##.....@{###...## #...
..................####...#####...
.................................
..........##.................#...
.........###########..###........
....÷....# #.#......##...
....÷....# ## #.#...##......
###.###### .......>.######...
#..##########.......### ####...


There were no monsters in sight!

Vanquished Creatures
  An orc priest (D:3)
  3 orc wizards
  Jessica (D:3)
  6 adders
  3 worms (D:2)
  3 dart slugs
  4 leopard geckos
  5 orcs
  3 giant cockroaches
  5 goblins
  12 hobgoblins
  12 kobolds
  3 ball pythons
  6 bats
  5 frilled lizards
  10 rats
82 creatures vanquished.

Notes
Turn   | Place    | Note
-------+----------+-------------------------------------------
     0 | D:1      | Borgoz the Ghoul Enchanter began the quest for the Orb.
     0 | D:1      | Reached XP level 1. HP: 14/14 MP: 2/2
   112 | D:1      | Reached XP level 2. HP: 11/20 MP: 3/3
   317 | D:1      | HP: 1/20 [dart slug/slug dart (4)]
   319 | D:1      | Reached skill level 1 in Short Blades
   368 | D:1      | Reached skill level 4 in Stealth
   390 | D:1      | Reached XP level 3. HP: 27/27 MP: 4/4
   412 | D:1      | Learned a level 2 spell: Ensorcelled Hibernation
  1495 | D:2      | Reached XP level 4. HP: 34/34 MP: 5/5
  2077 | D:2      | Found an iron altar of Okawaru.
  2260 | D:2      | Reached skill level 1 in Armour
  2996 | D:3      | Reached skill level 1 in Fighting
  2996 | D:3      | Reached XP level 5. HP: 25/40 MP: 6/6
  3306 | D:3      | Noticed Jessica
  3309 | D:3      | Killed Jessica
  3402 | D:2      | Reached XP level 6. HP: 6/47 MP: 1/8
  4118 | D:3      | HP: 1/47 [something/magic dart (6)]
  4119 | D:3      | Slain by an orc wizard

Skill      XL: |  1  2  3  4  5 |
---------------+----------------+-----
Short Blades   | 1 2 |  2.3
Stealth        | 4 |  4.3
Dodging        | 2 |  2.7
Armour         | 1 2 |  2.2
Fighting       | 1 |  1.5
Spellcasting   | 2 |  2.2
Hexes          | 3 |  3.0
Ice Magic      | |  0.7

Action                   |  1- 3 |  4- 6 || total
-------------------------+-------+-------++-------
Melee: Dagger            |   157 |   302 ||   459
 Cast: Corona            |     2 |     3 ||     5
       Ensorcelled Hiber |     1 |    20 ||    21
  Use: Potion            |     1 |     3 ||     4
       Scroll            |     1 |       ||     1
 Stab: Sleeping          |     2 |     9 ||    11
  Eat: Chunk             |    10 |    20 ||    30
Armor: Robe              |     4 |       ||     4
       Leather armour    |    30 |    66 ||    96
Dodge: Dodged            |    78 |   184 ||   262
